 Dungeon Crawl Stone Soup version 0.31-a0-1009-g454b1f1e0a (webtiles) character file.

Game seed: 12609482128609887117

261 Nedwor the Cutter (level 5, -2/41 HPs)
             Began as a Demonspawn Gladiator on Nov 14, 2023.
             Slain by dertzug's ghost (5 damage)
             ... on level 3 of the Dungeon.
             The game lasted 00:03:12 (2906 turns).

Nedwor the Cutter (Demonspawn Gladiator)            Turns: 2906, Time: 00:03:13

Health: -2/41      AC:  8    Str: 15    XL:     5   Next: 96%
Magic:  5/5        EV: 13    Int:  9    God:
Gold:   1473       SH:  0    Dex: 16    Spells: 4/4 levels left

rFire   . . .        k - +3 dagger (venom)
rCold   . . .        (no shield)
rNeg    . . .        b - +0 leather armour
rPois   .            c - +0 helmet
rElec   .            g - +0 cloak
rCorr   .            n - +2 pair of gloves
SInv    .            (no boots)
Will    .....        (no amulet)
Stlth   +            (no ring)
HPRegen 0.26/turn    (no ring)
MPRegen 0.09/turn

%: no passive effects
@: no status effects
A: hooves 1, powered by death 2
a: no special abilities


You were on level 3 of the Dungeon.
You visited 1 branch of the dungeon, and saw 3 of its levels.

You collected 1473 gold pieces.

Inventory:

Hand Weapons
 a - a +0 heavy rapier
 k - a +3 dagger of venom (weapon)
Missiles
 d - 3 throwing nets (quivered)
 e - a javelin
Armour
 b - a +0 leather armour (worn)
 c - a +0 helmet (worn)
 g - a +0 cloak (worn)
 n - a +2 pair of gloves (worn)
Jewellery
 f - a ring of wizardry
 j - an amulet of magic regeneration
Wands
 w - a wand of acid (6)
 y - a wand of polymorph (5)
Scrolls
 q - a scroll of enchant weapon
Potions
 l - a potion of attraction
 m - a potion of brilliance {unknown}
 p - a potion of magic {unknown}
 r - a potion of resistance {unknown}


   Skills:
 + Level 3.5 Fighting
 * Level 4.7 Short Blades
 - Level 1.7 Throwing
 + Level 3.8 Dodging


You had 4 spell levels left.
You didn't know any spells.
Your spell library was empty.

Dungeon Overview and Level Annotations

Branches:
Dungeon (3/15)

Altars:
Makhleb
Nemelex Xobeh
Xom

Annotations:
D:3 2 transporters, dertzug's ghost, amateur TrSh


Innate Abilities, Weirdness & Mutations

You have large cloven feet.
You regenerate health from kills.


Message History

Dertzug's ghost hits you!
You hit dertzug's ghost.
You kick dertzug's ghost, but do no damage.
Dertzug's ghost is lightly damaged.
Dertzug's ghost misses you.
You barely miss dertzug's ghost.
Dertzug's ghost is lightly damaged.
You hit dertzug's ghost but do no damage.
Dertzug's ghost is lightly damaged.
Dertzug's ghost closely misses you.
You hit dertzug's ghost but do no damage.
Your kick misses dertzug's ghost.
Dertzug's ghost is lightly damaged.
Dertzug's ghost hits you!
You completely miss dertzug's ghost.
Dertzug's ghost is lightly damaged.
Dertzug's ghost barely misses you.
You hit dertzug's ghost. You kick dertzug's ghost.
Dertzug's ghost is moderately damaged.
You hit dertzug's ghost.
Dertzug's ghost is moderately damaged.
Dertzug's ghost completely misses you.
You barely miss dertzug's ghost.
Dertzug's ghost is moderately damaged.
Dertzug's ghost hits you.
You closely miss dertzug's ghost.
Dertzug's ghost is moderately damaged.
Dertzug's ghost hits you but does no damage.
You hit dertzug's ghost.
You kick dertzug's ghost, but do no damage.
Dertzug's ghost is moderately damaged.
Dertzug's ghost hits you!
* * * LOW HITPOINT WARNING * * *
You closely miss dertzug's ghost.
You kick dertzug's ghost, but do no damage.
Dertzug's ghost is moderately damaged.
You hit dertzug's ghost.
Dertzug's ghost is moderately damaged.
Dertzug's ghost hits you.
You die...

.# #......#.....# #.# .#
#.#####.####.# #.# .# #.# #.##
#.# ### #.# .####.# #..# #.#
##$?.## #.#
......######.###.###.....###.#
##...............##..#.#..##.#
.............###.##8.#.#.8##.#
##.#.............##.K#.#..##.#
#.#.#######.###@###KK...###.####
##.#.#######.#
#W#.##K''##.#.##..
...........#.#
#KK..KK.......##.#
...........#.#
#######.......##.#
.#...........# #######.##.#
.....<.....#.###### #.##.#
##..........#.....# #.##.#
#....%....#.#.##.# #.##.#
#.........#.#.##.# #.##.#


You could see a kobold brigand, dertzug's ghost and a kobold.

Vanquished Creatures
  Sigmund (D:2)
  An orc priest (D:3)
  An adder (D:3)
  A gnoll (D:1)
  2 worms
  A dart slug (D:1)
  4 orcs (D:3)
  4 ball pythons
  4 endoplasms
  3 goblins
  2 hobgoblins
  2 jackals (D:2)
  4 kobolds
  2 quokkas
  5 bats
  A frilled lizard (D:1)
  2 rats
  2 butterflies (D:3)
42 creatures vanquished.

Notes
Turn   | Place    | Note
-------+----------+-------------------------------------------
     0 | D:1      | Nedwor the Demonspawn Gladiator began the quest for the
                  | Orb.
     0 | D:1      | Reached XP level 1. HP: 16/16 MP: 1/1
   335 | D:1      | Reached skill level 3 in Short Blades
   335 | D:1      | Gained mutation: You regenerate a little health from kills.
                  | [demonic ancestry]
   335 | D:1      | Reached XP level 2. HP: 4/22 MP: 2/2
   835 | D:2      | Noticed Sigmund
   856 | D:2      | Killed Sigmund
   857 | D:2      | Reached skill level 4 in Short Blades
   857 | D:2      | Gained mutation: You regenerate health from kills. [demonic
                  | ancestry]
   857 | D:2      | Reached XP level 3. HP: 14/29 MP: 3/3
   857 | D:2      | Discovered your monstrous ancestry.
   857 | D:2      | Gained mutation: You have large cloven feet. [demonic
                  | ancestry]
   857 | D:2      | Reached XP level 4. HP: 17/35 MP: 4/4
   857 | D:2      | Reached XP level 5. HP: 20/41 MP: 5/5
  1124 | D:2      | Found a shimmering altar of Xom.
  1325 | D:2      | You fall into a shaft and drop 1 floor!
  1746 | D:3      | Found a burning altar of Makhleb.
  1786 | D:3      | Found a transporter.
  1826 | D:3      | Found a transporter.
  1945 | D:3      | Found a runed translucent gate.
  1945 | D:3      | Found a runed translucent gate.
  1945 | D:3      | Found a runed translucent gate.
  1945 | D:3      | Noticed dertzug's ghost (amateur TrSh)
  2237 | D:3      | Found a sparkling altar of Nemelex Xobeh.
  2286 | D:3      | Found a shimmering altar of Xom.
  2544 | D:3      | Identified a scroll of acquirement
  2544 | D:3      | Acquired 1307 gold pieces
  2906 | D:3      | Slain by dertzug's ghost

Illustrated notes

Levels and vault maps discovered:
D:1:      dpeg_arrival_boxorama, layout_basic, minmay_strange_pillars,
          minmay_hedge_maze
D:2:      layout_basic, basic_altar, moated_statue, uniq_sigmund
D:3:      gammafunk_wand_slinger, layout_loops_ring, elyvilon_altar_5,
          xom_butterflies, mainiacjoe_overflow_boulevard,
          lightli_temple_of_fire, gammafunk_ghost_nasty_kobolds,
          chequers_arboretum

Skill      XL: |  1  2 |
---------------+-------+-----
Short Blades   | 3 4 |  4.7
Dodging        | 3 |  3.8
Fighting       | 3 |  3.5
Throwing       | |  1.7

Action                     |  1- 3 |  4- 6 || total
---------------------------+-------+-------++-------
  Melee: Rapier            |    21 |       ||    21
         Dagger            |    20 |    79 ||    99
         Kick              |       |    20 ||    20
         Punch             |       |     1 ||     1
    Use: Scroll            |       |     9 ||     9
   Stab: Sleeping          |       |     3 ||     3
 Armour: Leather armour    |    20 |    32 ||    52
  Dodge: Dodged            |    23 |    31 ||    54

Table legend: (Time is in decaauts)
 A = Elapsed time spent in this place.
 B = Non-inter-level travel time spent in this place.
 C = Inter-level travel time spent in this place.
 D = Time resting spent in this place.
 E = Time spent auto-exploring this place.
 F = Levels seen in this place.
 G = Mean time per level.
                   A        B        C        D        E       F      G
               +--------+--------+--------+--------+--------+-----+--------+
         Total |   2886 |   2860 |     26 |    418 |   2096 |   3 |  962.0 |
       Dungeon |   2886 |   2860 |     26 |    418 |   2096 |   3 |  962.0 |
               +--------+--------+--------+--------+--------+-----+--------+

Top non-repeatable levels by time:
     D:3: 1235 daAuts
     D:2: 852 daAuts
     D:1: 798 daAuts
